 Dungeon Crawl Stone Soup version 0.18-a0-327-gb1de508 (webtiles) character file.

128 Duffy the Sneak (level 5, -4/42 HPs)
             Began as a Naga Enchanter on Nov 27, 2015.
             Slain by Sigmund
             ... wielding a +1 scythe of venom
              (15 damage)
             ... on level 3 of the Dungeon.
             The game lasted 00:04:44 (3629 turns).

Duffy the Sneak (Naga Enchanter)                    Turns: 3629, Time: 00:04:44

Health: -4/42      AC:  6    Str: 11    XL:     5   Next: 11%
Magic:  3/8        EV: 10    Int: 15    God:
Gold:   148        SH:  0    Dex: 12    Spells: 3 memorised, 1 level left

rFire  . . .     SeeInvis +     a - +1 dagger
rCold  + . .     Clarity  .     b - +1 robe
rNeg   . . .     SustAt   .     (no shield)
rPois  +         Gourm    .     p - +1 helmet
rElec  .         Spirit   .     (no cloak)
rCorr  .         Warding  .     w - +0 pair of gloves
rMut   .         Stasis   .     (no barding)
MR     .....                    (no amulet)
Stlth  ++++......               (no ring)
                                x - ring of protection from cold

@: lethally poisoned (-4 -> -6), very slightly contaminated, very slow, not
resistant to hostile enchantments, stealthy
A: see invisible, deformed body, poison resistance, slowness 2, slow metabolism
1, spit poison 2, AC +1
a: Spit Poison


You were on level 3 of the Dungeon.
You were hungry.

You visited 1 branch of the dungeon, and saw 4 of its levels.

You collected 148 gold pieces.


Innate Abilities, Weirdness & Mutations

You cannot wear boots.
Your serpentine skin is tough (AC +1).
You have supernaturally acute eyesight.
Armour fits poorly on your strangely shaped body.
Your system is resistant to poisons.
You cover ground very slowly.
You have a slow metabolism.
You can spit poison.


   Skills:
 - Level 2.0 Short Blades
 - Level 1.5 Dodging
 + Level 7.2 Stealth
 - Level 2.0 Spellcasting
 + Level 3.8 Hexes


You had one spell level left.
You knew the following spells:

 Your Spells              Type           Power        Failure   Level  Hunger
a - Confuse               Hex            ##......     17%         3    ###....
r - Corona                Hex            ##.....      6%          1    #......
t - Tukima's Dance        Hex            ##......     17%         3    ###....

Inventory:

Hand Weapons
 a - a +1 dagger (weapon)
Missiles
 g - 9 poisoned needles
Armour
 b - a +1 robe (worn)
 p - a +1 helmet (worn)
 w - a +0 pair of gloves (worn)
Jewellery
 x - a ring of protection from cold (left hand)
Scrolls
 e - 2 scrolls of identify {unknown}
 f - a scroll of immolation {unknown}
 l - 2 scrolls of remove curse {unknown}
 n - a scroll of fear {unknown}
 q - a scroll of noise {unknown}
 u - a scroll of recharging {unknown}
 v - a scroll of amnesia {unknown}
Potions
 i - a potion of magic {unknown}
 m - a potion of curing {unknown}
 o - a potion of poison {unknown}
 r - a potion of agility {unknown}
 s - a potion of cancellation {unknown}
 t - 2 potions of invisibility {unknown}
 z - a potion of ambrosia {unknown}
Books
 c - a book of Maledictions
Comestibles
 d - 3 bread rations
 h - 3 beef jerkies
 j - a slice of pizza
 k - 2 meat rations

Dungeon Overview and Level Annotations

Branches:
Dungeon (4/15)
 Temple: D:4-7

Altars:

Annotations:
D:3 Sigmund


Message History

You hit Sigmund.
Sigmund is moderately wounded.
Sigmund barely misses you.
You barely miss Sigmund.
Sigmund is moderately wounded.
You feel sick.
You hit Sigmund but do no damage.
Sigmund is moderately wounded.
Sigmund barely misses you.
You hit Sigmund.
Sigmund is moderately wounded.
You have got your breath back.
You feel sick. Sigmund misses you.
You are feeling hungry.
You closely miss Sigmund.
Sigmund is moderately wounded.
You feel sick.
You barely miss Sigmund.
Sigmund is moderately wounded.
Sigmund gestures at you while chanting. The magic dart hits you!
You hit Sigmund but do no damage.
Sigmund is moderately wounded.
Sigmund barely misses you.
You barely miss Sigmund.
Sigmund is moderately wounded.
You feel sick.
You completely miss Sigmund.
Sigmund is moderately wounded.
Sigmund hits you with a scythe of venom.
You closely miss Sigmund.
Sigmund is moderately wounded.
You feel sick.
Sigmund hits you with a scythe of venom!
You die...

#.# #.# #...# .# #.# #.#
###.# .. #.# #.# #.# ##
#.# #.# #.# #.# #.# #.#
###.######.#####.# ###
#................# #..
#.#..............#######
#.#
#.###########.@@>.......
#.# #.# #..#.####### #.#
#.# #..#.# #.# ##.#####.
....#.# #.# ..........
###.##.# #.# ##.#####..
#.##.# #.# ##.# #. #.#
#.# ##.. .. #.# #(.
##.### ###


You could see Sigmund.

Action                   |  1- 3 |  4- 6 || total
-------------------------+-------+-------++-------
Melee: Dagger            |   107 |   146 ||   253
 Cast: Confuse           |       |    11 ||    11
 Abil: Spit Poison       |    27 |    21 ||    48
 Stab: Sleeping          |     1 |     4 ||     5
       Distracted        |       |     1 ||     1
  Eat: Chunk             |     2 |     8 ||    10

Notes
Turn   | Place    | Note
--------------------------------------------------------------
     0 | D:1      | Duffy the Naga Enchanter began the quest for the Orb.
     0 | D:1      | Reached XP level 1. HP: 15/15 MP: 3/3
   230 | D:1      | Reached skill level 5 in Stealth
   237 | D:1      | Reached XP level 2. HP: 19/22 MP: 5/5
   741 | D:2      | Reached skill level 2 in Short Blades
   760 | D:2      | Reached XP level 3. HP: 11/28 MP: 6/6
   767 | D:2      | Learned a level 3 spell: Confuse
  1123 | D:2      | Reached skill level 6 in Stealth
  1428 | D:2      | Noticed Robin
  1455 | D:1      | Reached XP level 4. HP: 18/36 MP: 7/7
  1476 | D:1      | Killed Robin
  2411 | D:3      | Reached skill level 7 in Stealth
  2432 | D:3      | Reached XP level 5. HP: 32/42 MP: 8/8
  2732 | D:3      | Learned a level 3 spell: Tukima's Dance
  2942 | D:3      | Noticed Sigmund
  3629 | D:3      | Slain by Sigmund

Vault maps used:
D:1:      onia_arrival_mini_spirals, minivault_5, serial_bayou_pond_a
D:2:      uniq_robin
D:3:      uniq_sigmund
D:4:      first_bread, minmay_misc_feat_cross, uniq_menkaure, uniq_purgy

Vanquished Creatures
  Robin
  4 adders
  An ooze
  2 giant geckos
  4 orcs
  6 giant cockroaches
  16 goblins
  11 hobgoblins
  5 kobolds
  A quokka
  A ball python
  8 bats
  4 giant newts
  10 rats
74 creatures vanquished.
